Map: Nightshade LE

Players

TLHarstem (Harstem)

  • Race: Protoss Protoss
  • League: Master
  • Spawn Location: 5:00

AGOElazer (Elazer) - Winner!

  • Race: Zerg Zerg
  • League: Master
  • Spawn Location: 11:00

Event: Shopify TSL 5

VOD

Have the link to the VOD?

Description

Time

  • Played on: May 16, 2020, 1:12 p.m.
  • Length: 9:17

All games in this series

Show
View Real Time Build Order
Export as new Build Order

TLHarstem Protoss 

Build Orders: 1 Gate Expand, Mass Adepts 

Get SALT Encoding   

  12  0:00  Probe  
  13  0:13  Pylon  
  13  0:18  Probe (Chrono Boost)  
  15  0:28  Probe (Chrono Boost)  
  15  0:33  Probe (Chrono Boost)  
  16  0:39  Gateway  
  16  0:44  Probe  
  16  0:49  Assimilator  
  17  0:56  Probe  
  18  1:08  Probe  
  19  1:20  Probe  
  19  1:24  Nexus  
  20  1:34  Cybernetics Core  
  20  1:37  Probe  
  21  1:44  Assimilator  
  21  1:49  Probe  
  21  1:53  Pylon  
  22  2:01  Probe  
  22  2:08  Stalker (Chrono Boost)  
  23  2:11  Warp Gate  
  23  2:13  Probe  
  26  2:25  Probe  
  27  2:31  Adept  
  27  2:35  Twilight Council  
  29  2:37  Probe  
  29  2:39  Probe  
  31  2:50  Probe  
  31  2:51  Probe  
  33  2:53  Robotics Facility  
  33  3:01  Gateway  
  33  3:02  Probe  
  34  3:07  Probe  
  34  3:08  Resonating Glaives (Chrono Boost)  
  35  3:14  Probe  
  36  3:22  Probe  
  36  3:23  Adept  
  39  3:27  Gateway  
  39  3:28  Gateway  
  39  3:35  Probe  
  39  3:37  Warp Prism (Chrono Boost)  
  42  3:43  Pylon  
  42  3:45  Probe  
  42  3:47  Probe  
  44  3:50  Pylon  
  44  3:57  Probe  
  44  4:01  Probe  
  46  4:04  Adept x2  
  46  4:08  Pylon  
  50  4:14  Probe  
  50  4:15  Observer, Probe  
  53  4:18  Pylon  
  53  4:25  Adept x4  
  53  4:27  Probe  
  53  4:29  Probe  
  63  4:34  Assimilator  
  63  4:36  Assimilator  
  63  4:46  Adept x4  
  63  4:48  Probe  
  72  4:55  Pylon  
  73  5:06  Adept x3  
  78  5:09  Pylon  
  79  5:23  Adept  
  79  5:27  Adept x2  
  79  5:28  Adept  
  86  5:32  Pylon  
  86  5:42  Probe  
  87  5:48  Probe  
  88  5:53  Nexus  
  88  5:56  Pylon  
  88  5:58  Immortal (Chrono Boost)  
  88  6:00  Probe  
  88  6:02  Probe  
  92  6:08  Forge  
  92  6:13  Adept x2  
  92  6:14  Adept x2  
  92  6:17  Probe  
  101  6:22  Probe  
  101  6:23  Pylon  
  102  6:31  Probe  
  97  6:34  Probe  
  86  6:40  Immortal (Chrono Boost)  
  86  6:43  Probe  
  86  6:44  Sentry x2  
  86  6:46  Probe  
  92  6:51  Protoss Ground Weapons Level 1 (Chrono Boost)  
  92  6:54  Sentry  
  94  6:55  Probe  
  94  6:58  Probe  
  94  7:00  Stalker, Pylon  
  98  7:07  Probe  
  99  7:08  Stalker x2  
  99  7:10  Probe  
  104  7:15  Probe  
  104  7:17  Stalker  
  104  7:19  Probe  
  104  7:20  Photon Cannon  
  108  7:26  Charge  
  108  7:30  Immortal (Chrono Boost), Probe  
  108  7:32  Probe  
  108  7:33  Pylon  
  115  7:39  Assimilator  
  115  7:41  Stalker  
  115  7:42  Assimilator  
  119  7:44  Probe (Chrono Boost)  
  119  7:46  Templar Archives  
  119  7:47  Probe x2 (Chrono Boost)  
  119  7:58  Probe (Chrono Boost)  
  122  7:59  Probe (Chrono Boost)  
  122  8:00  Probe (Chrono Boost)  
  122  8:02  Stalker, Zealot  
  122  8:03  Stalker  
  128  8:06  Probe, Gateway  
  128  8:08  Sentry, Gateway  
  128  8:10  Shield Battery  
  126  8:24  Immortal (Chrono Boost)  
  118  8:28  Stalker  
  118  8:29  Stalker x2  
  120  8:40  Probe  
  103  8:42  High Templar  
  103  8:46  Probe  
  98  8:49  Gateway  
  98  8:52  Gateway  
  98  8:53  Pylon  
  98  8:54  Gateway, Zealot x2  
  102  8:56  Pylon  
  102  8:59  Zealot x2  
  102  9:03  Zealot x2  
  102  9:06  Pylon  
Show
View Real Time Build Order
Export as new Build Order

AGOElazer Zerg - Winner!

Build Orders: Hatch First 

Get SALT Encoding   

  12  0:00  Drone  
  13  0:12  Overlord  
  13  0:17  Drone  
  14  0:30  Drone x2  
  16  0:40  Drone  
  17  0:51  Hatchery  
  17  0:55  Drone  
  17  0:58  Drone  
  18  1:09  Extractor  
  17  1:12  Spawning Pool  
  17  1:16  Drone  
  17  1:19  Drone  
  18  1:28  Drone  
  19  1:39  Drone  
  20  1:49  Overlord  
  20  1:59  Queen  
  22  2:03  Queen  
  22  2:04  Zergling x4  
  26  2:12  Metabolic Boost  
  26  2:13  Drone  
  26  2:14  Drone  
  28  2:23  Drone  
  28  2:24  Drone  
  30  2:33  Drone  
  30  2:35  Drone  
  32  2:43  Zergling x2, Hatchery  
  32  2:49  Queen  
  34  2:54  Overlord  
  34  2:58  Drone  
  35  2:59  Drone  
  38  3:12  Drone x2  
  38  3:13  Drone x3  
  38  3:17  Overlord  
  41  3:22  Drone  
  41  3:25  Queen  
  44  3:31  Spore Crawler  
  44  3:33  Drone  
  44  3:41  Drone x5  
  49  3:51  Overlord  
  49  3:53  Drone  
  51  3:55  Drone  
  51  3:56  Queen  
  51  3:57  Drone x3  
  56  4:02  Roach Warren  
  56  4:05  Drone x2  
  57  4:12  Zergling x4  
  60  4:17  Zergling x10  
  60  4:20  Spine Crawler  
  60  4:23  Spore Crawler  
  60  4:24  Zergling x2  
  62  4:26  Zergling x2  
  62  4:27  Zergling x4  
  62  4:31  Overlord  
  65  4:34  Overlord  
  65  4:44  Overlord  
  65  4:50  Roach x4  
  73  4:53  Roach x4  
  81  5:05  Roach x3  
  87  5:07  Lair  
  87  5:09  Extractor  
  87  5:11  Overlord  
  87  5:12  Drone x3  
  89  5:23  Overlord  
  89  5:25  Extractor  
  89  5:26  Extractor, Overlord  
  89  5:27  Drone x2  
  89  5:30  Drone x5  
  89  5:35  Roach  
  96  5:43  Roach x4  
  96  5:44  Overlord  
  96  5:48  Zergling x2  
  103  5:50  Zergling x6  
  103  5:53  Zergling x2  
  107  5:59  Zergling x10  
  112  6:04  Overlord  
  112  6:07  Extractor  
  112  6:08  Baneling Nest  
  112  6:09  Evolution Chamber  
  109  6:11  Overlord  
  109  6:12  Drone x4  
  109  6:15  Ravager  
  109  6:16  Drone  
  115  6:20  Overlord  
  115  6:24  Drone x4  
  119  6:29  Drone x4  
  119  6:30  Drone  
  109  6:36  Drone x3  
  109  6:37  Drone  
  103  6:46  Roach  
  103  6:53  Zergling x10  
  108  6:57  Extractor, Centrifical Hooks  
  108  6:59  Zergling x6  
  110  7:07  Zergling x12  
  115  7:09  Ravager x3  
  115  7:10  Ravager x2  
  119  7:17  Zergling x4  
  121  7:25  Zergling x16, Hatchery  
  121  7:28  Pneumatized Carapace  
  128  7:35  Overlord  
  128  7:36  Zergling x8  
  132  7:37  Ravager x3  
  132  7:38  Ravager x4  
  139  7:44  Ravager  
  139  7:47  Zergling x6  
  143  7:51  Ravager  
  143  7:53  Overlord  
  143  7:55  Zergling x12  
  150  7:59  Ravager  
  150  8:02  Zergling x6  
  150  8:04  Overlord  
  154  8:12  Zergling x8  
  144  8:22  Zergling x2  
  144  8:23  Zergling x8  
  141  8:29  Zergling x2  
  133  8:37  Zergling x6  
  133  8:40  Hatchery  
  128  8:45  Baneling x18  
  128  8:46  Zergling x4  
  130  8:51  Zergling x2  
  130  8:59  Zergling x18  
Tags
 
Add a new tag
Caveats
  • Supply blocks, unpowered buildings, or Contaminate may cause inaccurate times.
  • Supply counts are checked every 10 seconds.